 Dungeon Crawl Stone Soup version 0.29.1-2-gbd0b4ee654 (webtiles) character file.

Game seed: 5810324881035032829

88 Ivernyr the Conjurer (level 4, 0/36 HPs)
             Began as a Draconian Conjurer on Nov 1, 2022.
             Slain by a black bear (3 damage)
             ... on level 3 of the Dungeon.
             The game lasted 00:04:25 (1927 turns).

Ivernyr the Conjurer (Draconian Conjurer)           Turns: 1927, Time: 00:04:26

Health: 0/36       AC:  6    Str: 10    XL:     4   Next: 30%
Magic:  1/8        EV: 12    Int: 20    God:
Gold:   119        SH:  0    Dex:  9    Spells: 3/9 levels left

rFire   . . .      SeeInvis .   e - +0 whip
rCold   . . .      Faith    .   (no shield)
rNeg    . . .      Spirit   .   (body armour unavailable)
rPois   .          Reflect  .   (helmet restricted)
rElec   .          Harm     .   (no cloak)
rCorr   .          Rampage  .   (no gloves)
Will    .....                   c - +0 pair of boots
Stlth   ++........              (no amulet)
HPRegen 0.12/turn               (no ring)
MPRegen 0.11/turn               (no ring)

@: no status effects
A: AC +5, unfitting armour, cold-blooded
a: no special abilities


You were on level 3 of the Dungeon.
You visited 1 branch of the dungeon, and saw 3 of its levels.

You collected 119 gold pieces.

Inventory:

Hand Weapons
 e - a +0 whip (weapon)
Armour
 c - a +0 pair of boots (worn)
Scrolls
 d - 3 scrolls of identify {unknown}
 f - a scroll of vulnerability {unknown}
 g - a scroll of enchant armour {unknown}
 i - a scroll of teleportation {unknown}
 j - a scroll of blinking {unknown}
 k - a scroll of enchant weapon {unknown}
 m - a scroll of butterflies {unknown}
Potions
 a - a potion of magic
 b - a potion of haste {unknown}
 h - a potion of curing {unknown}
 l - a potion of lignification {unknown}


   Skills:
 + Level 1.7 Fighting
 + Level 2.4 Dodging
 - Level 1.7 Stealth
 * Level 3.1 Spellcasting
 + Level 4.4 Conjurations


You had 3 spell levels left.
You knew the following spells:

 Your Spells              Type           Power      Damage    Failure   Level
a - Magic Dart            Conj           80%        1d7       2%          1
b - Searing Ray           Conj           40%        2d5       3%          2
c - Dazzling Flash        Conj/Hex       22%        N/A       17%         3

Your spell library contained the following spells:

 Spells                   Type           Power      Damage    Failure   Level
 Fulminant Prism          Conj/Hex       5%         3d7       50%         4
 Iskenderun's Mystic Bla  Conj/Tloc      11%        2d4       50%         4


Dungeon Overview and Level Annotations

Branches:
Dungeon (3/15)

Altars:


Innate Abilities, Weirdness & Mutations

Your plain brown scales are hard. (AC +5)
You cannot fit into any form of body armour.
You are cold-blooded and may be slowed by cold attacks.


Message History

The black bear is heavily wounded.
The searing ray hits the black bear.
The black bear is heavily wounded.
The searing ray hits the black bear!
The black bear is almost dead.
You finish channelling your searing ray.
The black bear bites you. The black bear closely misses you.
The black bear claws you but does no damage.
Casting: Searing Ray (safe; 3% risk of failure)
Confirm with . or Enter, or press ? or * to list all spells.
Aiming: Searing Ray (safe; 3% risk of failure)
Press: ? - help, Shift-Dir - straight line, f/p - black bear
Aim: a black bear (almost dead, 84% to hit)
The searing ray hits the black bear.
The black bear is almost dead. (Press . to maintain the ray.)
The black bear goes berserk!
The black bear attacks as you move away!
The black bear barely misses you. The black bear claws you.
The black bear closely misses you.
The black bear bites you but does no damage.
The black bear completely misses you. The black bear barely misses you.
The black bear closely misses you. The black bear claws you.
The black bear closely misses you.
The quokka bites you but does no damage.
The black bear bites you but does no damage.
The black bear closely misses you.
The black bear claws you but does no damage.
The black bear attacks as you move away!
The black bear bites you.
The black bear claws you but does no damage.
The black bear closely misses you.
The black bear attacks as you move away!
The black bear bites you! The black bear closely misses you.
The black bear claws you but does no damage.
The black bear rages.
The black bear bites you!
* * * LOW HITPOINT WARNING * * *
The black bear claws you.
You die...

.#...(.............
....
#................##
##... ##
#.........#####..#
#..# .)#
##........#
#..####†##.#.#.
#........#
#..............
#........#
#.........##...
#.###+##.#
#.r.......#
#.###....#
#.h####+###
#........#
#.@####.##
#######.##
#........# #(.##
##.#.###.#
##..#####.#.#
####....##...#
+...........##
#########..## #.>#
#.##


You could see a black bear (berserk) and a quokka.

Vanquished Creatures
  4 adders (D:2)
  A worm (D:2)
  2 dart slugs
  9 ball pythons
  6 endoplasms
  2 giant cockroaches (D:2)
  2 hobgoblins
  2 kobolds (D:1)
  3 quokkas
  3 bats
  2 frilled lizards
  7 goblins
  2 rats
45 creatures vanquished.

Notes
Turn   | Place    | Note
-------+----------+-------------------------------------------
     0 | D:1      | Ivernyr the Draconian Conjurer began the quest for the Orb.
     0 | D:1      | Reached XP level 1. HP: 14/14 MP: 3/3
   188 | D:1      | Reached XP level 2. HP: 22/22 MP: 3/5
   365 | D:1      | Learned a level 2 spell: Searing Ray
   559 | D:1      | Reached skill level 1 in Fighting
   726 | D:1      | Found a faded altar of an unknown god.
   961 | D:2      | Reached XP level 3. HP: 28/28 MP: 1/6
  1012 | D:2      | Learned a level 3 spell: Dazzling Flash
  1461 | D:2      | Reached XP level 4. HP: 35/35 MP: 4/8
  1609 | D:2      | Identified the +5 scale mail "Denuit" {+Blink rN+}
  1916 | D:3      | Noticed a black bear
  1927 | D:3      | Slain by a black bear

Illustrated notes

Levels and vault maps discovered:
D:1:      eino_arrival_water_star, layout_rooms,
          dilly_ecumenical_altar_fadedgnrine, minivault_23,
          minmay_misc_feat_hallway
D:2:      layout_rooms
D:3:      layout_basic, nicolae_overflow_hidden_temple

Skill      XL: |  1  2  3 |
---------------+----------+-----
Dodging        | 2 |  2.4
Fighting       | 1 |  1.7
Spellcasting   | 3 |  3.1
Stealth        | |  1.7
Conjurations   | |  4.4

Action                   |  1- 3 |  4- 6 || total
-------------------------+-------+-------++-------
Melee: Unarmed           |     5 |       ||     5
       Tailslap          |     2 |       ||     2
       Whip              |     5 |       ||     5
 Cast: Magic Dart        |    61 |    22 ||    83
       Searing Ray       |     1 |     2 ||     3
Armor: Skin              |     3 |     9 ||    12
Dodge: Dodged            |     5 |    10 ||    15
